Map: Heavy Artillery LE

Players

Regamium

  • Race: Protoss Protoss
  • League: Platinum
  • Spawn Location: 7:00

Solmeer

  • Race: Terran Terran
  • League: Silver
  • Spawn Location: 7:00

Massa - Winner!

  • Race: Terran Terran
  • League: Gold
  • Spawn Location: 1:00

qqq - Winner!

  • Race: Protoss Protoss
  • League: Platinum
  • Spawn Location: 3:00

VOD

Have the link to the VOD?

Description

Time

  • Played on: June 6, 2020, 2:30 p.m.
  • Length: 6:03
Show
View Real Time Build Order
Export as new Build Order

Regamium Protoss 

Build Orders:  

Get SALT Encoding   

  12  0:00  Probe (Chrono Boost)  
  13  0:10  Probe (Chrono Boost)  
  14  0:16  Probe  
  15  0:28  Pylon  
  15  0:43  Assimilator  
  15  0:46  Probe  
  16  0:58  Probe  
  17  1:10  Probe  
  18  1:36  Probe (Chrono Boost)  
  19  1:46  Probe (Chrono Boost)  
  20  1:51  Probe (Chrono Boost)  
  21  2:02  Probe  
  22  2:15  Probe  
  20  2:23  Nexus  
  20  2:27  Probe  
  10  3:38  Probe (Chrono Boost)  
  9  3:47  Probe (Chrono Boost)  
  8  3:52  Probe (Chrono Boost)  
  6  4:04  Probe  
  5  4:16  Probe  
  6  4:28  Probe  
  7  4:40  Probe  
  9  4:52  Probe (Chrono Boost)  
  9  5:02  Probe (Chrono Boost)  
  10  5:07  Probe (Chrono Boost)  
  11  5:19  Probe  
  12  5:36  Probe (Chrono Boost)  
  13  5:48  Probe (Chrono Boost)  
Show
View Real Time Build Order
Export as new Build Order

Solmeer Terran 

Build Orders:  

Get SALT Encoding   

  12  0:01  SCV  
  13  0:13  SCV  
  14  0:18  Supply Depot  
  14  0:31  SCV  
  14  0:34  Refinery  
  15  0:42  Barracks  
  15  0:45  SCV  
  15  1:27  SCV  
  16  1:38  Command Center  
  16  1:39  SCV  
  17  2:00  Marine  
  18  2:05  SCV  
  19  2:17  SCV  
  19  2:18  Marine  
  21  2:28  Factory  
  21  2:29  SCV  
  22  2:35  Marine  
  24  3:02  Bunker  
  22  3:16  Factory Tech Lab  
  22  3:20  SCV  
  22  3:24  Refinery  
  22  3:32  SCV  
  23  3:40  Siege Tank  
  26  3:54  Barracks  
  24  4:13  SCV  
  25  4:18  Siege Tank  
  28  4:25  SCV  
  29  4:37  SCV  
  30  4:44  Factory  
  30  4:50  SCV  
  30  5:14  Supply Depot  
  30  5:17  Orbital Command  
  30  5:32  Factory Reactor  
  30  5:35  Marine  
Show
View Real Time Build Order
Export as new Build Order

Massa Terran - Winner!

Build Orders:  

Get SALT Encoding   

  12  0:10  Supply Depot  
  12  0:15  SCV  
  13  0:27  SCV  
  14  0:40  SCV  
  15  0:52  SCV  
  16  1:21  SCV, Barracks  
  17  1:25  Refinery  
  16  1:33  SCV  
  17  1:41  Barracks  
  17  1:45  SCV  
  17  1:46  Barracks  
  18  1:58  SCV  
  19  2:08  Marine  
  20  2:10  SCV  
  20  2:14  Barracks  
  22  2:23  Orbital Command  
  22  2:25  Marine  
  22  2:33  Supply Depot  
  22  2:35  Supply Depot  
  22  2:38  Marine  
  23  2:55  Marine x2  
  23  2:56  Marine  
  26  3:04  Marine  
  25  3:11  Barracks  
  25  3:13  Marine  
  26  3:22  Marine  
  26  3:30  Marine  
  26  3:31  Marine x2  
  29  3:40  Marine  
  29  3:48  Marine  
  29  3:49  Marine x2  
  31  3:58  Marine  
  30  4:06  Marine x2  
  30  4:09  Marine  
  32  4:16  Marine  
  33  4:24  Marine x2  
  33  4:26  Marine  
  33  4:29  Factory  
  36  4:34  Marine  
  36  4:38  Supply Depot  
  37  4:42  Supply Depot  
  37  4:44  Marine  
  38  4:47  SCV  
  38  4:51  Command Center  
  39  4:59  SCV  
  38  5:10  Marine  
  38  5:12  SCV  
  38  5:13  Marine  
  41  5:24  SCV  
  41  5:27  Marine  
  42  5:31  Marine  
  39  5:39  Marine x2  
  39  5:42  Factory Tech Lab  
  41  5:45  Marine  
Show
View Real Time Build Order
Export as new Build Order

qqq Protoss - Winner!

Build Orders:  

Get SALT Encoding   

  12  0:01  Probe  
  13  0:18  Pylon  
  13  0:21  Probe  
  14  0:37  Forge  
  14  0:44  Probe  
  15  1:02  Pylon  
  15  1:07  Pylon  
  15  1:15  Pylon  
  15  1:17  Pylon  
  15  1:26  Photon Cannon  
  15  1:40  Photon Cannon  
  15  1:47  Pylon  
  14  2:03  Pylon  
  14  2:09  Photon Cannon  
  14  2:15  Pylon  
  14  2:28  Photon Cannon  
  14  2:38  Pylon  
  14  2:52  Photon Cannon  
  14  3:10  Pylon  
  14  3:20  Gateway  
  14  3:30  Probe  
  14  3:32  Photon Cannon  
  15  3:42  Probe  
  16  3:57  Nexus  
  16  4:12  Cybernetics Core  
  16  4:19  Photon Cannon  
  16  4:26  Zealot (Chrono Boost)  
  18  4:46  Zealot (Chrono Boost)  
  20  5:00  Probe  
  21  5:12  Gateway  
  21  5:14  Pylon  
  21  5:16  Pylon  
  21  5:19  Pylon  
  21  5:24  Assimilator  
  21  5:25  Probe  
  21  5:26  Assimilator  
  22  5:37  Zealot (Chrono Boost)  
Tags
 
Add a new tag
Caveats
  • Supply blocks, unpowered buildings, or Contaminate may cause inaccurate times.
  • Supply counts are checked every 10 seconds.